[Event "Tromsø Bymesterskap 2012"]
[Site "Tromsø Sjakklubb"]
[Date "2012.02.09"]
[Round "3"]
[White "Jæger, Frode Bull"]
[Black "Berglund, Jan S."]
[Result "0-1"]
[WhiteElo "2056"]
[BlackElo "1968"]
[ECO "C18"]
[Annotator "Berglund,Jan S"]
[PlyCount "78"]
[TimeControl "300"]

1. e4 e6 2. d4 d5 3. Nc3 Bb4 4. e5 c5 5. a3
Bxc3+ 6. bxc3 Ne7 7. h4 Nbc6 8. h5 Qa5 9. Bd2 Qa4 10. Nf3 cxd4 11. cxd4 Nxd4
12. Bd3 Nxf3+ 13. Qxf3 Qd4 14. O-O Nc6 15. Rae1 Qh4 16. g3 Qe7 17. h6 f5 18.
exf6 gxf6 19. Qh5+ Kd8 20. Qg4 Bd7 21. Qg7 Kc7 22. Bf5 e5 23. Bxd7 Kxd7 24.
Qg4+ Qe6 25. Qa4 Rhg8 26. Rb1 b6 27. Rfd1 Rg4 28. Qa6 Rc8 29. a4 Rd4 30. a5 Qg4
31. axb6 axb6 32. Qb7+ Rc7 33. Qxb6 Qe2 34. Qc5 Rxd2 35. Rxd2 Qxd2 36. Qf8 Qxc2
37. Qf7+ Ne7 38. Rb6 Qf5 39. Kg2 Rc2 
0-1